 Dungeon Crawl Stone Soup version 0.32-a0-999-gfa1cc04b1d (webtiles) character file.

Game seed: 5884165366227055701

1181 KennySheep the Covered (level 8, 0/68 HPs)
             Began as a Mountain Dwarf Reaver on Apr 24, 2024.
             Was an Initiate of Gozag.
             Slain by an acid dragon (12 damage)
             ... on level 5 of the Dungeon on Apr 25, 2024.
             The game lasted 00:21:40 (4766 turns).

KennySheep the Covered (Mountain Dwarf Reaver)      Turns: 4766, Time: 00:21:41

Health: 0/68       AC:  5    Str: 15 (16) XL:     8   Next: 19%
Magic:  9/10       EV:  4    Int: 15      God:    Gozag
Gold:   620        SH:  0    Dex: 13      Spells: 7/10 levels left

rFire   . . .        m - +3 whip (vamp)
rCold   . . .        (no shield)
rNeg    . . .        e - +0 plate armour {rPois}
rPois   +            (no helmet)
rElec   .            (no cloak)
rCorr   .            (no gloves)
SInv    .            (no boots)
Will    .....        (no amulet) Stlth
                     g - +4 ring of protection
HPRegen 0.31/turn    r - ring "Diel" {Wiz rPois Dex+5}
MPRegen 0.12/turn

%: wizardry (x1)
@: corroded, very slightly contaminated
A: runic magic, artefact enchanting
a: Renounce Religion, Potion Petition, Call Merchant, Bribe Branch


You were on level 5 of the Dungeon.
You worshipped Gozag.
Gozag was pleased with you.
You visited 1 branch of the dungeon, and saw 5 of its levels.

You collected 620 gold pieces.

Inventory:

Hand Weapons
 m - a +3 vampiric whip (weapon)
Armour
 e - a +0 plate armour of poison resistance (worn)
Jewellery
 g - a +4 ring of protection (left hand)
 r - the ring "Diel" (right hand) {Wiz rPois Dex+5}
   (You found it on level 5 of the Dungeon)

   [ring of wizardry]

   Wiz:       It improves your spell success rate.
   Dex+5:     It affects your dexterity (+5).
   rPois:     It protects you from poison.
Scrolls
 a - a scroll of identify
 d - a scroll of teleportation
 h - a scroll of enchant armour
Potions
 f - a potion of ambrosia
 k - a potion of cancellation


   Skills:
 + Level 5.3 Fighting
 - Level 4.5(6.1) Axes
 * Level 6.2(7.0) Maces & Flails
 * Level 6.8 Armour
 - Level 1.3 Dodging
 - Level 1.7 Spellcasting
 - Level 2.6 Conjurations


You had 7 spell levels left.
You knew the following spells:

 Your Spells              Type           Power      Damage    Failure   Level
a - Kiss of Death         Conj/Necr      20%        2d7       14%         1
b - Blink                 Tloc           2%         N/A       34%         2

Your spell library contained the following spells:

 Spells                   Type           Power      Damage    Failure   Level
 Momentum Strike          Conj/Tloc      10%        3d8       21%         2
 Static Discharge         Conj/Air       10%        3-4/arc   21%         2
 Cigotuvi's Dreadful Rot  Necr/Alch/Air  2%         N/A       34%         2
 Lesser Beckoning         Tloc           2%         N/A       34%         2
 Hailstorm                Conj/Ice       5%         3d5       38%         3
 Summon Ice Beast         Ice/Summ       1%         N/A       56%         3
 Teleport Other           Tloc           1%         N/A       56%         3
 Airstrike                Air            0%         2d(1-17)  91%         4
 Ignite Poison            Fire/Alch      1%         N/A       91%         4
 Olgreb's Toxic Radiance  Alch           1%         N/A       91%         4
 Summon Lightning Spire   Summ/Air       1%         N/A       91%         4
 Freezing Cloud           Conj/Ice/Air   2%         6-21      98%         5
 Summon Mana Viper        Hex/Summ       1%         N/A       99%         5
 Dispersal                Tloc           0%         N/A       100%        6
 Gell's Gavotte           Tloc           0%         2d(11-16) 100%        6
 Monstrous Menagerie      Summ           0%         N/A       100%        7
 Ozocubu's Refrigeration  Ice            0%         4d7       100%        7
 Discord                  Hex            0%         N/A       100%        8


Dungeon Overview and Level Annotations

Branches:
Dungeon (5/15)
 Temple: D:4-7

Altars:
Ashenzari
Gozag
Hepliaklqana
Ru
Sif Muna
Trog


Innate Abilities, Weirdness & Mutations

Your spellcasting is much less encumbered by armour.
You can use scrolls of enchantment on lesser artefacts.


Message History

The acid dragon is lightly wounded.
You hit the acid dragon but do no damage.
The acid dragon is lightly wounded.
The acid dragon bites you! The acid dragon barely misses you.
You barely miss the acid dragon.
The acid dragon is lightly wounded.
The acid dragon spits acid at you. The splash of acid hits you!
* * * LOW HITPOINT WARNING * * *
The acid corrodes you!
Okay, then.
Cast which spell? (? or * to list)
Aiming: Kiss of Death (safe; 14% risk of failure)
Press: ? - help, Shift-Dir - straight line, f - acid dragon
Aim: an acid dragon (lightly wounded, 100% to hit)
You miscast Kiss of Death.
You are very lightly contaminated with residual magic.
Nothing appears to happen.
The acid dragon barely misses you.
The acid dragon claws you but does no damage.
Casting: Kiss of Death (safe; 14% risk of failure)
Confirm with . or Enter, or press ? or * to list all spells.
You don't know that spell.
Unknown command.
You hit the acid dragon but do no damage.
The acid dragon is lightly wounded.
The acid dragon bites you but does no damage.
The acid dragon claws you.
* * * LOW HITPOINT WARNING * * *
You closely miss the acid dragon.
The acid dragon is lightly wounded.
You hit the acid dragon.
You feel better.
The acid dragon is moderately wounded.
The acid dragon bites you but does no damage.
The acid dragon claws you.
* * * LOW HITPOINT WARNING * * *
You hit the acid dragon but do no damage.
The acid dragon is moderately wounded.
The acid dragon bites you!
You die...
Your body crumbles into a pile of gold.

#........##.#
#........##.#
......D...##.#
..........##.#
..........##.#
..........##.#
..........##.#
..........##.#
..............##@#
...........[...D.#
..............####
..............#
..............#
..............#
..............#
..............#
..............#


You could see an acid dragon.

Vanquished Creatures
  Edmund (D:5)
  2 ice beasts (D:5)
  4 ogres
  A phantom (D:5)
  A scorpion (D:5)
  A bullfrog (D:4)
  A jelly (D:5)
  An orc priest (D:5)
  2 hounds
  Natasha (twice) (D:3)
  2 orc wizards (D:3)
  8 adders
  3 ribbon worms
  6 orcs
  7 endoplasms
  4 giant cockroaches
  5 goblins
  3 hobgoblins
  5 kobolds
  4 quokkas
  3 ball pythons (D:1)
  8 bats
  12 frilled lizards
  3 rats
89 creatures vanquished.

Notes
Turn   | Place    | Note
-------+----------+-------------------------------------------
     0 | D:1      | KennySheep the Mountain Dwarf Reaver began the quest for
                  | the Orb.
     0 | D:1      | Reached XP level 1. HP: 17/17 MP: 3/3
   179 | D:1      | Reached skill level 1 in Armour
   274 | D:1      | Reached XP level 2. HP: 25/25 MP: 4/4
   643 | D:1      | Reached XP level 3. HP: 27/30 MP: 5/5
  1317 | D:2      | Reached XP level 4. HP: 25/37 MP: 6/6
  1845 | D:3      | Found a faded altar of an unknown god.
  1853 | D:3      | Prayed at the altar of an unknown god.
  1853 | D:3      | Became a worshipper of Gozag Ym Sagoz the Greedy
  1878 | D:3      | Noticed Natasha
  1884 | D:3      | Killed Natasha
  2262 | D:3      | Found a broken altar of Ashenzari.
  2319 | D:3      | Reached XP level 5. HP: 45/45 MP: 7/7
  2348 | D:3      | Reached skill level 1 in Maces & Flails
  2490 | D:3      | Noticed Natasha
  2507 | D:3      | Killed Natasha
  2515 | D:3      | Learned a level 2 spell: Blink
  2541 | D:3      | Found a shimmering blue altar of Sif Muna.
  2547 | D:3      | Found a bloodstained altar of Trog.
  2912 | D:4      | Noticed an ogre
  2920 | D:4      | Killed an ogre
  2921 | D:4      | Reached XP level 6. HP: 39/52 MP: 8/8
  3320 | D:4      | Found a hazy altar of Hepliaklqana.
  3371 | D:4      | Found a sacrificial altar of Ru.
  3889 | D:5      | Entered Level 5 of the Dungeon
  3906 | D:5      | Noticed an ice beast
  3939 | D:5      | Killed an ice beast
  3940 | D:5      | Reached skill level 5 in Armour
  4000 | D:5      | Reached XP level 7. HP: 37/52 MP: 9/9
  4009 | D:5      | Identified the ring "Diel" {Wiz rPois Dex+5}
  4207 | D:5      | Noticed Edmund
  4260 | D:5      | HP: 1/60 [Edmund/+2 flail of protection (11)]
  4291 | D:5      | Killed Edmund
  4292 | D:5      | Reached skill level 5 in Maces & Flails
  4500 | D:5      | Reached skill level 5 in Fighting
  4595 | D:5      | Reached XP level 8. HP: 68/68 MP: 10/10
  4678 | D:5      | Found the +6 lightning scales {swift, rElec}
  4766 | D:5      | Slain by an acid dragon

Illustrated notes

Levels and vault maps discovered:
D:1:      mrwooster_arrival_arrow, layout_basic, minmay_lizard_king
D:2:      kennysheep_big_flooded_room, layout_basic
D:3:      layout_loops_ring, hellmonk_overflow_destroyed_library,
          evilmike_ruin_ashenzari, shapermc_ecumenical_altar_pompeii,
          uniq_natasha
D:4:      layout_basic, nicolae_ru_awakened_eye,
          nicolae_hepliaklqana_hazy_memory, kennysheep_cross_bottleneck
D:5:      lemuel_ratsnest, layout_basic, portal_sewer_entry_e, uniq_edmund

Skill      XL: |  1  2  3  4  5  6  7  8 |
---------------+-------------------------+-----
Armour         | 1 2 3 4 5 6 |  6.8
Axes           | 4 |  4.5
Fighting       | 3 4 5 |  5.3
Maces & Flails | 2 4 5 6 |  6.2
Dodging        | |  1.3
Spellcasting   | |  1.7
Conjurations   | |  2.6

Action                     |  1- 3 |  4- 6 |  7- 9 || total
---------------------------+-------+-------+-------++-------
  Melee: Hand axe          |   141 |    46 |       ||   187
         Whip              |       |   155 |   152 ||   307
   Cast: Kiss of Death     |     1 |     2 |       ||     3
         Blink             |       |     1 |       ||     1
    Use: Scroll            |       |     5 |     2 ||     7
         Potion            |       |     1 |     6 ||     7
   Stab: Distracted        |       |     1 |       ||     1
 Armour: Leather armour    |    31 |       |       ||    31
         Ring mail         |    86 |    86 |       ||   172
         Chain mail        |       |    56 |    59 ||   115
         Skin              |       |       |    17 ||    17
         Plate armour      |       |       |    17 ||    17
  Dodge: Dodged            |   100 |    86 |    30 ||   216

Table legend: (Time is in decaauts)
 A = Elapsed time spent in this place.
 B = Non-inter-level travel time spent in this place.
 C = Inter-level travel time spent in this place.
 D = Time resting spent in this place.
 E = Time spent auto-exploring this place.
 F = Levels seen in this place.
 G = Mean time per level.
                   A        B        C        D        E       F      G
               +--------+--------+--------+--------+--------+-----+--------+
         Total |   4723 |   4401 |    322 |    424 |   2713 |   5 |  944.6 |
       Dungeon |   4723 |   4401 |    322 |    424 |   2713 |   5 |  944.6 |
               +--------+--------+--------+--------+--------+-----+--------+

Top non-repeatable levels by time:
     D:3: 1098 daAuts
     D:1: 993 daAuts
     D:2: 941 daAuts
     D:4: 866 daAuts
     D:5: 824 daAuts
